 Dungeon Crawl Stone Soup version 0.20.0-10-g0535bb4 (webtiles) character file.

508 dobroeutro the Chopper (level 6, -3/52 HPs)
             Began as a Minotaur Fighter on June 3, 2017.
             Was an Initiate of Makhleb.
             Killed from afar by an orc wizard (10 damage)
             ... with a magic dart
             ... on level 5 of the Dungeon.
             The game lasted 00:05:27 (3696 turns).

dobroeutro the Chopper (Minotaur Fighter)           Turns: 3696, Time: 00:05:28

Health: -3/52      AC:  7    Str: 22    XL:     6   Next: 98%
Magic:  5/5        EV:  8    Int:  5    God:    Makhleb [......]
Gold:   217        SH:  0    Dex: 13    Spells: 5/5 levels left

rFire    + . .     SeeInvis .   a - +0 war axe
rCold    + . .     Gourm    .   c - +0 shield
rNeg     . . .     Faith    .   b - +0 scale mail
rPois    .         Spirit   .   (helmet restricted)
rElec    .         Reflect  +   s - scarf {rC+ rF+}
rCorr    .         Harm     .   (no gloves)
MR       .....                  (no boots)
Stlth    ..........             p - +4 amulet of reflection
Regen    0.2/turn               m - +3 ring of dexterity
MPRegen  0.1/turn               (no ring)

@: confused
A: retaliatory headbutt, horns 2
a: Renounce Religion


You were on level 5 of the Dungeon.
You worshipped Makhleb.
Makhleb was noncommittal.
You were very hungry.

You visited 2 branches of the dungeon, and saw 6 of its levels.

You collected 217 gold pieces.

Inventory:

Hand Weapons
 a - a +0 war axe (weapon)
Armour
 b - a +0 scale mail (worn)
 c - a +0 shield (worn)
 s - a scarf of resistance (worn)
Jewellery
 m - a +3 ring of dexterity (left hand)
 p - a +4 amulet of reflection (around neck)
Wands
 t - a wand of enslavement (8/24)
Scrolls
 e - a scroll of remove curse {unknown}
 g - 4 scrolls of identify {unknown}
 k - a scroll of random uselessness {unknown}
 o - a scroll of blinking {unknown}
 q - a scroll of immolation {unknown}
 r - a scroll of enchant armour {unknown}
Potions
 d - 2 potions of might
 j - a potion of brilliance {unknown}
 l - 2 potions of curing {unknown}
 u - a potion of heal wounds {unknown}
Comestibles
 f - 3 bread rations
 h - 2 royal jellies
 i - 2 fruits
 n - 2 meat rations


   Skills:
 + Level 4.2 Fighting
 + Level 7.9 Axes
 + Level 4.2 Armour
 + Level 2.0 Dodging
 + Level 4.1 Shields


You had 5 spell levels left.
You didn't know any spells.

Dungeon Overview and Level Annotations

Branches:
Dungeon (5/15)             Temple (1/1) D:4

Altars:
Ashenzari
Cheibriados
Fedhas
Gozag
Hepliaklqana
Kikubaaqudgha
Makhleb
Nemelex Xobeh
Qazlal
Ru
Sif Muna
Vehumet
Xom
Zin
The Shining One

Annotations:
D:3 Natasha; dobroeutro's ghost, amateur MiFi


Innate Abilities, Weirdness & Mutations

You reflexively headbutt those who attack you in melee.
You have a pair of horns on your head.


Message History

You block something's attack. Something hits you.
* * * LOW HITPOINT WARNING * * *
You miss something. Your headbutt misses something. Something hits you.
* * * LOW HITPOINT WARNING * * *
You closely miss something. Something hits you.
* * * LOW HITPOINT WARNING * * *
You closely miss something. Something hits you but does no damage.
You miss something.
You hear some strange, mumbled words.
You are confused.
You miss something. You headbutt something. Something hits you.
* * * LOW HITPOINT WARNING * * *
You hear some strange, mumbled words.
Something tries to affect you, but you resist.
Things that are here:
a hand axe; a ring mail You hear some strange, mumbled words.
A magic dart appears from out of thin air!
The magic dart hits you!
You die...

### #.. #.# #
#.# #.#.#
#.#.#######
#.........#
#)#### #)@..#
.#
#....##.###.
#...........
#...........
#...........
#...........
###'#.......).
#............#
#.....######.#


There were no monsters in sight!

Vanquished Creatures
  An ogre (D:4)
  2 orc priests (D:5)
  An orc wizard (D:4)
  2 bullfrog skeletons (D:4)
  Crazy Yiuf (D:4)
  Natasha (D:3)
  An iguana (D:4)
  3 worker ants (D:4)
  5 adders
  An ooze (D:4)
  2 worms (D:4)
  3 dart slugs
  3 leopard geckos
  8 orcs
  5 giant cockroaches
  8 goblins
  4 hobgoblins
  2 quokkas (D:4)
  2 ball pythons
  7 bats
  5 frilled lizards
  4 kobolds
  14 rats
85 creatures vanquished.

Notes
Turn   | Place    | Note
-------+----------+-------------------------------------------
     0 | D:1      | dobroeutro the Minotaur Fighter began the quest for the Orb.
     0 | D:1      | Reached XP level 1. HP: 19/19 MP: 0/0
   247 | D:1      | Reached skill level 3 in Axes
   286 | D:1      | Reached XP level 2. HP: 26/26 MP: 1/1
   628 | D:1      | Reached skill level 4 in Axes
   769 | D:2      | Reached XP level 3. HP: 24/31 MP: 2/2
   787 | D:2      | Found a stormy altar of Qazlal.
   954 | D:2      | Found an opulent altar of Gozag.
  1306 | D:3      | Noticed Natasha
  1526 | D:3      | Killed Natasha
  1526 | D:3      | Reached skill level 5 in Axes
  1526 | D:3      | Reached XP level 4. HP: 27/39 MP: 3/3
  1695 | D:3      | Found a blossoming altar of Fedhas.
  1742 | D:3      | Noticed dobroeutro's ghost (amateur MiFi)
  2035 | D:3      | Found a faded altar of an unknown god.
  2037 | D:3      | Noticed Natasha
  2340 | D:3      | Found a glowing golden altar of the Shining One.
  2492 | D:4      | Reached skill level 6 in Axes
  2536 | D:4      | Reached XP level 5. HP: 40/45 MP: 4/4
  2541 | D:4      | Noticed an ogre
  2549 | D:4      | Killed an ogre
  2549 | D:4      | Reached skill level 7 in Axes
  2888 | D:4      | Reached XP level 6. HP: 32/51 MP: 5/5
  3012 | D:4      | Found a staircase to the Ecumenical Temple.
  3045 | Temple   | Entered the Ecumenical Temple
  3238 | Temple   | Became a worshipper of Makhleb the Destroyer
  3327 | D:4      | Reached skill level 1 in Dodging
  3395 | D:4      | Found a runed door.
  3603 | D:4      | Noticed Crazy Yiuf
  3612 | D:4      | Killed Crazy Yiuf
  3658 | D:5      | Entered Level 5 of the Dungeon
  3696 | D:5      | Killed from afar by an orc wizard

Skill      XL: |  1  2  3  4  5  6 |
---------------+-------------------+-----
Axes           | 3 4 5 6 7 |  7.9
Dodging        | 2 |  2.0
Fighting       | 4 |  4.2
Armour         | 4 |  4.2
Shields        | 4 |  4.1

Action                   |  1- 3 |  4- 6 || total
-------------------------+-------+-------++-------
Melee: War axe           |    86 |   144 ||   230
       Headbutt          |    11 |    28 ||    39
  Eat: Chunk             |     1 |     7 ||     8
Armor: Scale mail        |    51 |    45 ||    96
Dodge: Dodged            |    25 |    35 ||    60
Block: Shield            |    51 |    78 ||   129
